Unix NetHack Version 5.0.0-0 post-release - last build May 23 2026 06:08:33 (1c0ff79ee797540d5714e4e18072db0edd9e58ae,branch:main).

Game began 2026-05-24 21:43:20, ended 2026-05-25 03:00:02.

Corncycle, chaotic male human Rogue

                                                                         ---
                                                                         ..---
                                                                       --....|
                                                                       ......-
                                                                     --.......
                                                                     ........-
                                                                     ....G..-
                                                                     .......--
                                                                   --........--
                                                                ----..........|
                                                              ---.||.........-
                                                             --....|........--
                                                             |.....h*....----
                                                             --.....G...--
                                                             |.......----
                                                             -G......-
                                                            .........
                                                           -------....
                                                                 ---..
                                                                   --.
                                                                     --
Corncycle the Rogue     St:16 Dx:18 Co:16 In:12 Wi:10 Ch:8  Chaotic
Dlvl:6  $:0  HP:0(51) Pw:24(24) AC:2  Xp:7 T:5198 

Latest messages:
 In what direction?
 You kick an orcish dagger.
 Your candle is getting short.
 In what direction?
 You kick a cursed dagger.
 In what direction?
 You kick a cursed dagger.
 In what direction?
 You kick a cursed dagger.
 What do you want to use or apply? [empFHIWY or ?*]
 You snuff out your candle.
 You see here a key.
 r - a key.
 You see here a crossbow bolt.
 #
 What do you want to adjust? [ac-jl-prtACDFHIKLN-PR-WYZ or ?*]
 Adjust letter to what [bkq-su-zBEGJMQX] (? see used letters)?
 Swapping: e - a key.
 What do you want to drop? [ac-jl-prtACDFHIKLN-PR-WYZ or ?*]
 You drop an uncursed lock pick.
 r - an uncursed lock pick.
 k - 3 cursed daggers (at the ready).
 u - 2 orcish daggers.
 You descend the stairs.
 There is a staircase up to level 5 here.
 You see here a red gem.
 What do you want to use or apply? [emprFHIWY or ?*]
 Your candle's flame burns brightly!
 The gnome picks up 7 throwing stars.
 What do you want to use or apply? [emprFHIWY or ?*]
 You snuff out your candle.
 The dwarf picks up a horn.
 The gnome throws a throwing star!
 You are hit by a throwing star.
 In what direction?
 The dagger hits the gnome lord.
 In what direction?
 The dagger hits the gnome lord!
 The dwarf plays a horn directed at you!
 The bolt of cold whizzes by you!
 The bolt of cold misses the gnome.
 The gnome lord picks up 2 cursed daggers.
 The dwarf plays a frost horn directed at you!
 The bolt of cold hits you!
 You die...
 Do you want your possessions identified? [ynq] (y)
 Do you want to see your attributes? [ynq] (y)
 Do you want an account of creatures vanquished? [ynaq] (y)
 Do you want to see your conduct and achievements? [ynq] (y)
 Do you want to see the dungeon overview? [ynq] (y)

Inventory:
 Amulets  ('"')
  f - a cursed amulet of change
 Weapons  (')')
  d - 3 +0 daggers (wielded)
  h - a corroded +0 dagger
  k - a cursed -1 dagger (at the ready)
  j - a cursed -1 elven dagger
  t - a cursed -2 elven dagger named cursed
  K - a blessed +1 orcish dagger
  u - 2 +0 orcish daggers
  a - a +0 short sword
 Armor    ('[')
  L - an uncursed +0 orcish helm (being worn)
  A - a cursed +0 pair of gauntlets of power named prob cursed
  D - a blessed +0 pair of iron shoes (being worn)
  g - a cursed +0 pair of speed boots named cursed
  N - an uncursed +0 elven mithril-coat (being worn)
 Comestibles  ('%')
  l - 5 uncursed food rations
  c - an uncursed tin of deep fried ape meat
 Scrolls  ('?')
  U - a blessed scroll of earth
  V - an uncursed scroll of earth
  P - an uncursed scroll of light
 Potions  ('!')
  C - an uncursed potion of booze
  n - a cursed potion of hallucination
  R - an uncursed potion of healing
  i - a blessed potion of levitation
  O - an uncursed potion of object detection
  S - an uncursed potion of water
 Rings    ('=')
  Z - an uncursed ring of conflict
  o - a cursed -1 ring of gain constitution
  T - a cursed ring of teleportation
 Wands    ('/')
  H - a wand of cold (0:1)
  m - a wand of digging (0:2)
  W - a wand of light (0:10)
  I - a wand of teleportation (0:3)
 Tools    ('(')
  Y - an uncursed sack containing 1 item
  r - an uncursed lock pick
  e - an uncursed skeleton key
  p - an uncursed partly used tallow candle
  F - an uncursed tin opener

Contents of the sack:
  390 gold pieces

Corncycle the Rogue's attributes:

Background:
 You were a Rogue, level 7 male human.
 You were chaotic, on a mission for Kos
 who was opposed by Issek (lawful) and Mog (neutral).
 You were right-handed.
 You were in the Gnomish Mines, on level 6.
 You entered the dungeon 5198 turns ago.
 It was nighttime.
 You had 845 experience points, 435 more were needed to attain level 8.

Basics:
 You had 0 out of 51 hit points.
 You had all 24 energy points (spell power).
 Your armor class was 2.
 Your wallet was empty, but
 you had 390 zorkmids stashed away in your pack.
 Autopickup was on for '.' plus thrown.

Final Characteristics:
 Your strength was 16 (limit:18/100).
 Your dexterity was 18 (limit:18).
 Your constitution was 16 (limit:18).
 Your intelligence was 12 (limit:18).
 Your wisdom was 10 (limit:18).
 Your charisma was 8 (limit:18).

Final Status:
 You weren't hungry.
 You were unencumbered.
 You were wielding daggers.
 You were skilled in dagger.

Final Attributes:
 You were piously aligned.
 You were stealthy.
 You were guarded.
 You are dead.

Miscellaneous:
 You didn't encounter any bones levels.
 Total elapsed playing time was 1 hour, 11 minutes and 7 seconds.

Major events:
 Turn
    1: Corncycle the chaotic male human Rogue entered the dungeon
  570: entered the Gnomish Mines
  718: attained the rank of Cutpurse (level 3)
 2628: attained the rank of Rogue (level 6)
 2883: entered Sokoban
 3253: completed 1st Sokoban level
 4072: completed 2nd Sokoban level
 5198: killed by a bolt of cold played by a dwarf

You didn't know any spells.

Skills:
 Fighting Skills
   bare handed combat [Unskilled]
   two weapon combat  [Unskilled]
   riding             [Unskilled]
 Weapon Skills
   dagger             [Skilled]
   knife              [Unskilled]
   short sword        [Basic]
   broadsword         [Unskilled]
   long sword         [Unskilled]
   two-handed sword   [Unskilled]
   saber              [Unskilled]
   club               [Unskilled]
   mace               [Unskilled]
   morning star       [Unskilled]
   flail              [Unskilled]
   hammer             [Unskilled]
   polearms           [Unskilled]
   spear              [Unskilled]
   crossbow           [Unskilled]
   dart               [Unskilled]
   shuriken           [Unskilled]
 Spellcasting Skills
   divination spells  [Unskilled]
   escape spells      [Unskilled]
   matter spells      [Unskilled]

Voluntary challenges:
 Character rerolling was not enabled.
 You never genocided any monsters.
 You never polymorphed an object.
 You never changed form.
 You used no wishes.
 You did not violate any of the special Sokoban rules.
Achievements:
 You entered the Gnomish Mines.
 You attained the rank of Cutpurse.
 You entered a shop.
 You attained the rank of Rogue.
 You entered Sokoban.

 The Dungeons of Doom: levels 1 to 10
    Level 1:
       A fountain.
    Level 2:
    Level 3:
       A fountain.
       Stairs down to The Gnomish Mines.
    Level 4:
       A fountain.
    Level 5:
       A fountain.
    Level 6:
       Some fountains, a sink.
    Level 7:
       A general store.
    Level 8:
       A throne.
    Level 9:
       Many fountains.
       Oracle of Delphi.
    Level 10:
       Stairs up to Sokoban, level 9.
 The Gnomish Mines: levels 4 to 6
    Level 4:
    Level 5:
    Level 6: <- You were here.
       Final resting place for
          you, killed by a bolt of cold played by a dwarf.
 Sokoban: levels 9 up to 8
    Level 8:
       Solved.
    Level 9:
       Solved.


Vanquished creatures:
  a small mimic
  a chameleon
  a giant beetle
  a quivering blob
  a panther
  a leprechaun
 an orc-captain
  a yeti
  2 Green-elves
  a dingo
  a snake
 an ape
  a wood nymph
  a mountain nymph
  3 rock piercers
  2 rock moles
  4 gnome leaders
  a guardian naga hatchling
  a little dog
  a floating eye
  2 dwarves
  4 hill orcs
  a rothe
  a giant bat
 an iguana
  2 acid blobs
  2 coyotes
  a gas spore
  3 hobbits
  a hobgoblin
  a giant rat
  a cave spider
  a yellow mold
 13 gnomes
  a garter snake
  3 geckos
  4 goblins
  8 sewer rats
  a bat
  4 lichens
  4 newts
86 creatures vanquished.

No species were genocided or became extinct.

Game over:
                       ----------
                      /          \
                     /    REST    \
                    /      IN      \
                   /     PEACE      \
                  /                  \
                  |    Corncycle     |
                  |      390 Au      |
                  | killed by a bolt |
                  |  of cold played  |
                  |    by a dwarf    |
                  |                  |
                  |       2026       |
                 *|     *  *  *      | *
        _________)/\\_//(\/(/\)/\//\/|_)_______

Goodbye Corncycle the Rogue...

You died in The Gnomish Mines on dungeon level 6 with 4221 points,
and 390 pieces of gold, after 5198 moves.
You were level 7 with a maximum of 51 hit points when you died.

